 Dungeon Crawl Stone Soup version 0.24-a0-258-gb86c0f735e (webtiles) character file.

Game seed: 2107347163000994938

23188 EnegeticOcto the Covert (level 12, -13/65 HPs)
             Began as a Spriggan Berserker on Apr 19, 2019.
             Was a High Priest of Trog.
             Mangled by a swamp worm (24 damage)
             ... on level 2 of the Lair of Beasts.
             The game lasted 00:38:35 (18888 turns).

EnegeticOcto the Covert (Spriggan Berserker)       Turns: 18888, Time: 00:38:36

Health: -13/65     AC:  4    Str: 17    XL:     12   Next: 69%
Magic:  16/16      EV: 28    Int:  8    God:    Trog [*****.]
Gold:   986        SH:  7    Dex: 17    Spells: 11/11 levels left

rFire    . . .     SeeInvis +   b - +2 fustibalus (velocity)
rCold    + . .     Gourm    .   B - +0 buckler
rNeg     . . .     Faith    .   V - +0 troll leather armour
rPois    .         Spirit   .   (helmet restricted)
rElec    .         Reflect  .   (no cloak)
rCorr    .         Harm     .   (gloves unavailable)
MR       ++...                  (boots unavailable)
Stlth    +++++.....             (no amulet)
HPRegen  0.60/turn              I - ring of protection from cold
MPRegen  0.15/turn              (no ring)

@: very quick
A: very small, unfitting armour, see invisible, herbivore, speed 3, slow
metabolism 2
a: Berserk, Trog's Hand, Brothers in Arms, Renounce Religion


You were on level 2 of the Lair of Beasts.
You worshipped Trog.
Trog was extremely pleased with you.
You were not hungry.

You visited 2 branches of the dungeon, and saw 13 of its levels.

You collected 986 gold pieces.

Inventory:

Hand Weapons
 a - a +1 dagger of electrocution
 b - a +2 fustibalus of velocity (weapon)
 A - a +4 dagger of venom
 P - a +0 rapier of draining
Missiles
 d - 177 stones (quivered)
 o - 2 needles of sleeping
 q - 12 curare-tipped needles
 r - 33 poisoned needles
 s - 71 sling bullets
 z - 5 tomahawks
 U - 5 silver tomahawks
Armour
 B - a +0 buckler (worn)
 V - a +0 troll leather armour (worn)
Magical Staves
 C - an uncursed staff of air
Jewellery
 n - an uncursed ring of fire
 I - a ring of protection from cold (left hand)
 O - an uncursed amulet of the gourmand {unknown}
Wands
 k - a wand of flame (9)
 v - a wand of clouds (1)
 w - a wand of digging (7)
 E - a wand of acid (17)
 F - a wand of scattershot (6)
 M - a wand of disintegration (5)
 N - a wand of iceblast (21)
 R - a wand of polymorph (4)
Scrolls
 c - 3 scrolls of fear {!r}
 f - 7 scrolls of remove curse {@r2}
 h - 2 scrolls of blinking
 l - 2 scrolls of magic mapping
 m - 5 scrolls of teleportation {@r3 !r}
 t - a scroll of fog {!r}
 u - 2 scrolls of enchant weapon
 H - a scroll of noise
 L - a scroll of vulnerability
 W - a scroll of brand weapon
 X - a scroll of summoning
Potions
 g - 6 potions of might
 i - 4 potions of curing {@q1 !q}
 j - 2 potions of cancellation
 p - 5 potions of heal wounds {@q2 !q}
 x - 2 potions of brilliance
 D - 2 potions of agility
 G - a potion of mutation
 J - a potion of ambrosia
 K - a potion of berserk rage
 T - 3 potions of flight
Miscellaneous
 y - a fan of gales
 S - a phantom mirror
Comestibles
 e - 20 rations


   Skills:
 + Level 8.2 Fighting
 - Level 10.0 Short Blades
 + Level 9.1 Throwing
 + Level 13.2 Dodging
 + Level 13.6 Stealth
 + Level 5.4 Shields
 - Level 4.0 Evocations


You had 11 spell levels left.
You didn't know any spells.
Your spell library was empty.

Dungeon Overview and Level Annotations

Branches:
Dungeon (11/15)            Temple (0/1) D:4            Lair (2/6) D:11
  Snake (0/4) Lair:2          Orc (0/2) D:10
  Swamp: Lair:2-4    Shoals: Lair:2-4

Altars:
Cheibriados
Elyvilon
Fedhas
Hepliaklqana
Kikubaaqudgha
Makhleb
Nemelex Xobeh
Okawaru
Qazlal
Ru
Sif Muna
Wu Jian
Xom
Zin

Annotations:
D:8 exclusions: centaur and 1 more exclusion


Innate Abilities, Weirdness & Mutations

You are very small and have problems with some larger weapons.
You are too small for most types of armour.
You have supernaturally acute eyesight. (SInv)
You are a herbivore.
You cover ground extremely quickly.
You need to consume almost no food.


Message History

The stone closely misses the hippogriff.
The hippogriff closely misses you.
The hippogriff pecks you but does no damage.
The hippogriff completely misses you.
Firing (i - inventory. (/) - cycle)
d - 180 stones (quivered)
Press: ? - help, Shift-Dir - straight line, f/p - hippogriff
Aim: a hippogriff (severely wounded)
You shoot a stone.
The stone hits the hippogriff but does no damage.
The hippogriff is severely wounded.
You block the hippogriff's attack. x2; The hippogriff completely misses you.
Firing (i - inventory. (/) - cycle)
d - 179 stones (quivered)
Press: ? - help, Shift-Dir - straight line, f/p - hippogriff
Aim: a hippogriff (severely wounded)
You shoot a stone. The stone hits the hippogriff.
The hippogriff is almost dead.
The hippogriff misses you. The hippogriff pecks you.
You block the hippogriff's attack.
Firing (i - inventory. (/) - cycle)
d - 178 stones (quivered)
Press: ? - help, Shift-Dir - straight line, f/p - hippogriff
Aim: a hippogriff (almost dead)
You shoot a stone.
The stone completely misses the hippogriff.
The hippogriff completely misses you. x2; The hippogriff misses you.
Firing (i - inventory. (/) - cycle)
d - 177 stones (quivered)
Press: ? - help, Shift-Dir - straight line, f/p - hippogriff
Aim: a hippogriff (almost dead)
You shoot a stone. The stone hits the hippogriff!
You kill the hippogriff!
Trog accepts your kill.
No target in view!
No target in view!
d - 183 stones (gained 7)
d - 184 stones (gained 1)
d - 185 stones (gained 1)
There is a stone staircase leading down here.
There is a stone staircase leading down here.
An electric eel comes into view.
Firing (i - inventory. (/) - cycle)
d - 185 stones (quivered)
Press: ? - help, Shift-Dir - straight line, f - electric eel
Aim: an electric eel (hasn't noticed you)
You shoot a stone.
The stone closely misses the electric eel.
You hear a splash.
The electric eel shoots out a bolt of lightning at you!
The bolt of electricity hits you!
Firing (i - inventory. (/) - cycle)
d - 184 stones (quivered)
Press: ? - help, Shift-Dir - straight line, f/p - electric eel
Aim: an electric eel (thin mist)
You shoot a stone.
The stone barely misses the electric eel.
You hear a splash.
The electric eel shoots out a bolt of lightning at you!
The bolt of electricity hits you!
Firing (i - inventory. (/) - cycle)
d - 183 stones (quivered)
Press: ? - help, Shift-Dir - straight line, f/p - electric eel
Aim: an electric eel You shoot a stone.
The stone hits the electric eel!
The electric eel is severely wounded.
You hear a splash.
The electric eel shoots out a bolt of lightning at you!
The bolt of electricity misses you.
Firing (i - inventory. (/) - cycle)
d - 182 stones (quivered)
Press: ? - help, Shift-Dir - straight line, f/p - electric eel
Aim: an electric eel (severely wounded)
You shoot a stone. The stone hits the electric eel.
You kill the electric eel!
Trog accepts your kill.
You hear a splash. x2
A swamp worm comes into view.
Firing (i - inventory. (/) - cycle)
d - 181 stones (quivered)
Press: ? - help, Shift-Dir - straight line, f - swamp worm
Aim: a swamp worm (hasn't noticed you)
You shoot a stone. The stone hits the swamp worm!
The swamp worm is moderately wounded.
You start resting.
The swamp worm is too close now for your liking.
Firing (i - inventory. (/) - cycle)
d - 180 stones (quivered)
Press: ? - help, Shift-Dir - straight line, f/p - swamp worm
Aim: a swamp worm (lightly wounded)
You shoot a stone. The stone hits the swamp worm!
The swamp worm is severely wounded.
The swamp worm bites you!!
You are too injured to fight recklessly!
You are too injured to fight recklessly!
Firing (i - inventory. (/) - cycle)
d - 179 stones (quivered)
Press: ? - help, Shift-Dir - straight line, f/p - swamp worm
Aim: a swamp worm (severely wounded)
You shoot a stone.
The stone closely misses the swamp worm.
The swamp worm completely misses you.
Firing (i - inventory. (/) - cycle)
d - 178 stones (quivered)
Press: ? - help, Shift-Dir - straight line, f/p - swamp worm
Aim: a swamp worm (severely wounded)
You shoot a stone.
The stone closely misses the swamp worm.
The swamp worm bites you!!
* * * LOW HITPOINT WARNING * * *
The swamp worm bites you!!
You die...

#........♣ ♣♣..≈♣ ##.........#
#..P.....#♣♣≈♣.≈♣♣# #..<.....>##
###........♣≈..♣♣.# ##........#
...........♣≈..≈♣.####.........#
...........♣≈..≈♣...#.........##
....##.....♣≈.♣≈♣..###...##.###
..#####....♣♣..♣♣........####
..## ##.....♣..♣.....#..##
...###......♣..♣@....#.#.#
.P###........⌠⌠w.......###
...##P..........#......#.#
....###...P..............# ...P#
#[.....<...........# ..###
#######......#P....# ###
#...#####....# # #...# ##...#
###.# #####


You could see a swamp worm.

Vanquished Creatures
  4 hydras
  A catoblepas (Lair:2)
  3 two-headed ogres
  4 skeletal warriors (D:11)
  Pikel (D:4)
  An ugly thing (D:11)
  A cyclops (D:11)
  A gargoyle (D:11)
  5 spiny frogs
  5 komodo dragons
  2 trolls
  A hornet (D:7)
  2 hippogriffs
  Sigmund (D:4)
  5 yaks
  2 wyverns (D:11)
  Eustachio (D:5)
  3 hogs (D:9)
  A human (D:9)
  4 basilisks
  A hungry ghost (D:10)
  2 nagas (Lair:2)
  2 swamp worms (Lair:2)
  3 water moccasins
  7 porcupines
  2 slaves (D:4)
  3 orc warriors
  A phantom (D:5)
  A black bear (D:10)
  3 sky beasts
  3 ice beasts
  7 ogres
  An eye of draining (D:10)
  A centaur (D:10)
  6 crocodiles
  Blork the orc (D:5)
  10 bullfrogs
  A wyvern zombie (D:8)
  A water moccasin skeleton (D:10)
  13 killer bees
  2 scorpions
  7 wights
  An electric eel (Lair:2)
  12 howler monkeys
  6 crimson imps
  3 centaur zombies
  5 hounds
  8 orc priests
  A jelly (D:6)
  4 bullfrog skeletons
  A centaur skeleton (D:11)
  15 iguanas
  14 orc wizards
  6 worker ants
  2 hound skeletons
  A worker ant zombie (D:8)
  3 gnolls
  A howler monkey skeleton (D:7)
  12 adders
  An ooze (D:3)
  An adder zombie (D:5)
  3 adder skeletons
  2 worms
  6 dart slugs
  7 leopard geckos
  32 orcs
  3 ball pythons
  11 bats
  9 giant cockroaches
  9 goblins
  10 hobgoblins
  11 jackals
  5 quokkas
  2 frilled lizards
  A jackal skeleton (D:7)
  A jackal zombie (D:8)
  3 kobolds
  A leopard gecko skeleton (D:8)
  A leopard gecko zombie (D:8)
  A quokka skeleton (D:8)
  A quokka zombie (D:7)
  8 rats
  A plant (Lair:1)
351 creatures vanquished.

Vanquished Creatures (others)
  A bush (D:11)
  2 fungi (D:11)
  8 plants (D:11)
11 creatures vanquished.

Grand Total: 362 creatures vanquished

Notes
Turn   | Place    | Note
-------+----------+-------------------------------------------
     0 | D:1      | EnegeticOcto the Spriggan Berserker began the quest for the
                  | Orb.
     0 | D:1      | Reached XP level 1. HP: 11/11 MP: 2/2
   256 | D:1      | Reached skill level 1 in Stealth
   271 | D:1      | Reached XP level 2. HP: 15/16 MP: 3/3
  1111 | D:2      | Reached XP level 3. HP: 19/19 MP: 4/4
  1159 | D:2      | Reached skill level 5 in Dodging
  1415 | D:2      | Reached skill level 1 in Throwing
  1681 | D:2      | Reached ** piety under Trog
  1681 | D:2      | Reached XP level 4. HP: 23/23 MP: 5/5
  2195 | D:2      | Found a deep blue altar of Sif Muna.
  2378 | D:3      | Found a stormy altar of Qazlal.
  2385 | D:3      | Found a blossoming altar of Fedhas.
  2694 | D:3      | Reached XP level 5. HP: 28/28 MP: 6/6
  3572 | D:3      | Reached XP level 6. HP: 5/32 MP: 7/7
  4477 | D:4      | Reached *** piety under Trog
  4854 | D:4      | Found an ornate altar of the Wu Jian Council.
  5170 | D:4      | Noticed a slave
  5171 | D:4      | Found a staircase to the Ecumenical Temple.
  5172 | D:4      | Noticed Pikel
  5172 | D:4      | Noticed a slave
  5175 | D:4      | Noticed a slave
  5177 | D:4      | Noticed a slave
  5201 | D:4      | Killed a slave
  5204 | D:4      | Killed a slave
  5216 | D:4      | Killed Pikel
  5216 | D:4      | Reached skill level 5 in Short Blades
  5216 | D:4      | Reached XP level 7. HP: 12/37 MP: 8/8
  5692 | D:4      | Found a burning altar of Makhleb.
  5693 | D:4      | Found a white marble altar of Elyvilon.
  5693 | D:4      | Noticed Sigmund
  5745 | D:4      | Killed Sigmund
  5745 | D:4      | Reached XP level 8. HP: 31/42 MP: 9/9
  6024 | D:5      | Entered Level 5 of the Dungeon
  6077 | D:5      | Reached skill level 1 in Evocations
  6096 | D:5      | Received a gift from Trog
  6169 | D:5      | Found an ancient bone altar of Kikubaaqudgha.
  6245 | D:5      | Noticed Eustachio
  6295 | D:5      | Killed Eustachio
  6504 | D:5      | Noticed Blork the orc
  6517 | D:5      | Killed Blork the orc
  6517 | D:5      | Reached XP level 9. HP: 46/46 MP: 12/12
  6529 | D:5      | Reached skill level 5 in Fighting
  6556 | D:5      | Found a sparkling altar of Nemelex Xobeh.
  6941 | D:6      | Reached skill level 5 in Throwing
  7202 | D:6      | Found a glowing silver altar of Zin.
  7202 | D:6      | Noticed an angel
  7266 | D:6      | Found a hazy altar of Hepliaklqana.
  7267 | D:6      | Found a shimmering altar of Xom.
  7267 | D:6      | Noticed an unseen horror
  7268 | D:6      | Noticed an unseen horror
  7268 | D:6      | Noticed a spectral ugly thing
  7647 | D:7      | You fall through a shaft for 2 floors!
  7682 | D:9      | Noticed a two-headed ogre
  7789 | D:9      | Noticed a troll
  7942 | D:9      | Killed a troll
  7942 | D:9      | Reached **** piety under Trog
  7942 | D:9      | Reached skill level 1 in Shields
  8657 | D:7      | Found an iron altar of Okawaru.
  8765 | D:7      | Reached XP level 10. HP: 53/53 MP: 14/14
  8845 | D:7      | Found a snail-covered altar of Cheibriados.
  8846 | D:7      | Found a sacrificial altar of Ru.
  9459 | D:8      | Reached skill level 10 in Dodging
 10413 | D:8      | Received a gift from Trog
 10521 | D:8      | Noticed a two-headed ogre
 10685 | D:8      | Killed a two-headed ogre
 10685 | D:8      | Reached skill level 10 in Stealth
 10995 | D:8      | Noticed a two-headed ogre
 11004 | D:8      | Killed a two-headed ogre
 11489 | D:9      | Killed a two-headed ogre
 12825 | D:10     | Entered Level 10 of the Dungeon
 12975 | D:10     | Reached XP level 11. HP: 16/58 MP: 15/15
 13203 | D:10     | Identified the +3 leather armour of Juetatuh {rF- rCorr
                  | Int+6 Stlth-}
 13755 | D:10     | Found a staircase to the Orcish Mines.
 14511 | D:11     | Reached ***** piety under Trog
 14745 | D:11     | Received a gift from Trog
 14937 | D:11     | Noticed a skeletal warrior
 14966 | D:11     | Killed a skeletal warrior
 15084 | D:11     | Found a staircase to the Lair.
 15227 | D:11     | Noticed Psyche
 15228 | D:11     | Noticed Psyche
 15228 | D:11     | Psyche changed into Psyche the centaur
 15230 | D:11     | Noticed Psyche
 15230 | D:11     | Psyche the centaur changed into Psyche the hound
 15286 | D:11     | Killed Psyche the hound
 15330 | D:11     | Noticed a brown ugly thing
 15346 | D:11     | Killed a brown ugly thing
 15556 | D:11     | Noticed a skeletal warrior
 15558 | D:11     | Noticed a skeletal warrior
 15574 | D:11     | Noticed a skeletal warrior
 15579 | D:11     | Killed a skeletal warrior
 15587 | D:11     | Killed a skeletal warrior
 15645 | D:11     | Killed a skeletal warrior
 16020 | Lair:1   | Entered Level 1 of the Lair of Beasts
 16341 | Lair:1   | Reached XP level 12. HP: 56/63 MP: 16/16
 16777 | Lair:1   | Noticed a seven-headed hydra
 16778 | Lair:1   | Noticed a six-headed hydra
 16817 | Lair:1   | Killed a six-headed hydra
 16889 | Lair:1   | Killed a seven-headed hydra
 16889 | Lair:1   | Reached skill level 10 in Short Blades
 17245 | Lair:1   | Reached skill level 5 in Shields
 17350 | Lair:1   | Received a gift from Trog
 17578 | Lair:2   | Noticed an eight-headed hydra
 17896 | Lair:2   | Killed an eight-headed hydra
 17961 | Lair:2   | Noticed a catoblepas
 18113 | Lair:2   | Noticed a six-headed hydra
 18175 | Lair:2   | Killed a six-headed hydra
 18327 | Lair:2   | Found a staircase to the Snake Pit.
 18647 | Lair:2   | Killed a catoblepas
 18888 | Lair:2   | Mangled by a swamp worm

Levels and vault maps discovered:
D:1:      dpeg_arrival_chambers_temple_mockup, layout_basic
D:2:      layout_loops_ring, lemuel_blue_sif_altar
D:3:      layout_basic, grunt_temple_overflow_forces_of_nature
D:4:      layout_loops_corners, marbit_many_paths,
          gammafunk_temple_overflow_pools, minmay_temple_entry_waves,
          roderic_batcave, uniq_pikel, uniq_sigmund
D:5:      layout_cave_pools, kiku_gazebo_pond_becter, basic_altar, first_ration,
          uniq_blork_the_orc, uniq_eustachio
D:6:      layout_rooms, regret_index_temple_of_mockery, zin_angel,
          serial_bayou_lagoon_a, columned_hall_lemuel
D:7:      layout_cave_pools, minitemple, okawaru_gym_becter
D:8:      layout_basic, centaur_isle
D:9:      layout_long_grid, grunt_livestock
D:10:     layout_cross, chequers_serial_rivers_room_b
D:11:     layout_irregular_city, minmay_lair_entry_grove, uniq_psyche
Lair:1:   beast_lair_carwin_large_4, layout_long_grid,
          hangedman_lair_unloving_vines, lemuel_fruit_tree
Lair:2:   layout_misc_corridors, nicolae_swamp_entry_splash_gauntlet,
          guppyfry_snake_entry_island, st_stairs_7

Skill      XL: |  1  2  3  4  5  6  7  8  9 10 11 12 |
---------------+-------------------------------------+-----
Stealth        | 1 2 3 4 6 7 9 11 12 13 | 13.6
Dodging        | 5 7 8 9 11 12 13 | 13.2
Throwing       | 1 2 3 4 5 6 8 9 |  9.1
Short Blades   | 4 5 6 7 8 9 10 | 10.0
Fighting       | 3 4 5 6 7 8 |  8.2
Evocations     | 3 4 |  4.0
Shields        | 1 3 4 5 |  5.4

Action                   |  1- 3 |  4- 6 |  7- 9 | 10-12 || total
-------------------------+-------+-------+-------+-------++-------
Melee: Short sword       |    93 |   184 |       |       ||   277
       Dagger            |       |   119 |   331 |   618 ||  1068
 Fire: Hunting sling     |    21 |    83 |    62 |   125 ||   291
       Fustibalus        |       |       |       |   324 ||   324
Throw: Stone             |     2 |     1 |       |       ||     3
       Tomahawk          |       |       |     2 |   118 ||   120
Invok: Berserk           |       |     3 |     2 |     2 ||     7
       Trog's Hand       |       |       |     3 |       ||     3
       Brothers in Arms  |       |       |       |     2 ||     2
Evoke: Wand              |       |       |     1 |    33 ||    34
  Use: Scroll            |       |       |    10 |    16 ||    26
       Potion            |       |       |     1 |       ||     1
 Stab: Sleeping          |     6 |     9 |    14 |     7 ||    36
       Distracted        |       |       |       |     3 ||     3
  Eat: Ration            |       |     3 |     3 |     7 ||    13
Armor: Animal skin       |     3 |    28 |     7 |     2 ||    40
       Skin              |       |       |    13 |       ||    13
       Troll leather arm |       |       |       |    18 ||    18
Dodge: Dodged            |    62 |   292 |   183 |   474 ||  1011
Block: Buckler           |       |       |    27 |   194 ||   221

Table legend:
 A = Non-vault XP
 B = Vault XP
 C = Vault XP percentage of total XP
 D = Non-vault monster count
 E = Vault monster count
 F = Vault count percentage of total count
                 A         B        C        D         E       F
            +---------+---------+-------+---------+---------+-------
      Total |   24542 |    8585 |  25.9 |     298 |      50 |  14.4
            +---------+---------+-------+---------+---------+-------
        D:1 |      35 |       0 |   0.0 |      20 |       0 |   0.0
        D:2 |     113 |       0 |   0.0 |      20 |       0 |   0.0
        D:3 |     266 |       0 |   0.0 |      38 |       0 |   0.0
        D:4 |     364 |     860 |  70.3 |      16 |      10 |  38.5
        D:5 |    1145 |     291 |  20.3 |      24 |       2 |   7.7
        D:6 |     582 |       0 |   0.0 |      17 |       0 |   0.0
        D:7 |     887 |       0 |   0.0 |      21 |       0 |   0.0
        D:8 |    2417 |       0 |   0.0 |      26 |       0 |   0.0
        D:9 |    2665 |     971 |  26.7 |      30 |       5 |  14.3
       D:10 |    1663 |       0 |   0.0 |      24 |       0 |   0.0
       D:11 |    6421 |    1940 |  23.2 |      34 |      13 |  27.7
     Lair:1 |    3603 |    3556 |  49.7 |      17 |      14 |  45.2
     Lair:2 |    4381 |     967 |  18.1 |      11 |       6 |  35.3
            +---------+---------+-------+---------+---------+-------
